 Dungeon Crawl Stone Soup version 0.29-a0-925-g0a7a3d12f8 (webtiles) character file.

Game seed: 5234488461858582300

1381 Sprocket the Caller (level 8, -6/52 HPs)
             Began as an Octopode Summoner on July 28, 2022.
             Mangled by an ice beast (12 damage)
             ... on level 6 of the Dungeon.
             The game lasted 00:14:59 (9862 turns).

Sprocket the Caller (Octopode Summoner)             Turns: 9862, Time: 00:15:00

Health: -6/52      AC:  1    Str: 13    XL:     8   Next: 67%
Magic:  4/14       EV: 14    Int: 19    God:
Gold:   259        SH:  0    Dex: 19    Spells: 2/15 levels left

rFire   . . .      SeeInvis .   m - +3 hand axe
rCold   . . .      Faith    .   (no shield)
rNeg    . . .      Spirit   .   (helmet restricted)
rPois   .          Reflect  .   (no amulet)
rElec   .          Harm     .   h - ring of willpower
rCorr   .          Rampage  .   t - +6 ring of strength
Will    +....                   u - +6 ring of dexterity
Stlth   +++.......              (no ring)
HPRegen 0.17/turn               (no ring)
MPRegen 0.14/turn               (no ring)
                                (no ring)
                                (no ring)

@: studying Staves
A: almost no armour, amphibious, 8 rings, camouflage 1, gelatinous body 1,
(nimble swimmer 1), tentacles
a: no special abilities


You were on level 6 of the Dungeon.
You visited 2 branches of the dungeon, and saw 7 of its levels.
You also visited: Ossuary.

You collected 259 gold pieces.

Inventory:

Hand Weapons
 k - a +0 short sword
   (You took it off a kobold on level 2 of the Dungeon)
 m - a +3 hand axe (weapon)
   (You found it on level 2 of the Dungeon)
Missiles
 v - a throwing net {!f}
Jewellery
 h - a ring of willpower (left tentacle)
   (You found it on level 1 of the Dungeon)
 t - a +6 ring of strength (right tentacle)
   (You found it on level 3 of the Dungeon)
 u - a +6 ring of dexterity (on tentacle)
   (You found it on level 5 of the Dungeon)
Wands
 d - a wand of iceblast (8)
   (You found it on level 6 of the Dungeon)
Scrolls
 b - a scroll of teleportation {@r4}
 g - a scroll of fear {unknown}
 i - a scroll of enchant weapon {unknown}
 l - a scroll of vulnerability {unknown}
 s - 2 scrolls of torment {unknown}
 w - 3 scrolls of blinking {unknown}
Potions
 a - 4 potions of magic
 c - a potion of ambrosia
 e - 7 potions of curing {@q1}
 f - 2 potions of brilliance
 j - 2 potions of mutation {!q}
 n - 2 potions of might {unknown}
 o - 2 potions of heal wounds {@q2}
 p - 2 potions of degeneration {unknown}
 q - 5 potions of attraction {!q}
 r - 2 potions of haste {@q3}


   Skills:
 - Level 3.0 Fighting
 - Level 3.0 Dodging
 - Level 2.6 Stealth
 - Level 4.0 Spellcasting
 - Level 3.0 Hexes
 - Level 7.0 Summonings
 + Level 5.5 Air Magic


You had 2 spell levels left.
You knew the following spells:

 Your Spells              Type           Power      Damage    Failure   Level
a - Summon Small Mammal   Summ           100%       N/A       1%          1
b - Summon Guardian Gole  Hex/Summ       22%        N/A       5%          3
c - Call Canine Familiar  Summ           30%        N/A       2%          3
x - Call Imp              Summ           30%        N/A       1%          2
z - Summon Lightning Spi  Summ/Air       27%        N/A       11%         4

Your spell library contained the following spells:

 Spells                   Type           Power      Damage    Failure   Level
 Sublimation of Blood     Necr           3%         N/A       21%         2
 Wereblood                Tmut           3%         N/A       21%         2
 Summon Hydra             Summ           15%        N/A       100%        7


Dungeon Overview and Level Annotations

Branches:
Dungeon (6/15) Zot: 26678  Temple (1/1) D:5 Zot: 5760 Ossuary (visited)

Altars:
Cheibriados
Elyvilon
Fedhas
Hepliaklqana
Nemelex Xobeh
Qazlal
Ru
Sif Muna
Vehumet
Wu Jian
Xom
Yredelemnul
Zin
The Shining One

Annotations:
D:3 3 runed translucent doors, ptdevnull's ghost, weakling DEAM


Innate Abilities, Weirdness & Mutations

You cannot wear most types of armour.
You are amphibious.
You can wear up to eight rings at the same time.
Your skin changes colour to match your surroundings (Stealth+).
Your rubbery body absorbs attacks. (AC +1, EV +1)
((You are camouflaged when in or above water. (Stealth+)))
You have tentacles for arms and can constrict up to eight enemies at once.


Message History

There is a stone staircase leading down here.
Unknown command.
You start resting.
You start waiting.
Done waiting.
You climb downwards.
There is a stone staircase leading up here.
Unknown command.
A guardian golem appears, shielding your allies.
You swap places.
The ice beast hits your guardian golem.
The ice beast freezes your guardian golem.
Your guardian golem resists.
Okay, then.
Nothing appears to happen.
The ice beast hits your guardian golem but does no damage.
You miscast Call Canine Familiar.
You are very lightly contaminated with residual magic.
Nothing appears to happen.
The ice beast hits your guardian golem.
The ice beast freezes your guardian golem.
Your guardian golem resists.
Nothing appears to happen.
The ice beast hits your guardian golem.
The ice beast freezes your guardian golem.
Your guardian golem resists.
You don't have enough magic to cast this spell.
You don't have enough magic to cast this spell.
You don't have enough magic to cast this spell.
You don't have enough magic to cast this spell.
Unknown command.
You swap places.
The ice beast hits you. The ice beast freezes you!
There is a stone staircase leading up here.
You hit the ice beast. The ice beast hits you. The ice beast freezes you!
You hit the ice beast. The ice beast misses you.
Unknown command.
You hit the ice beast.
The ice beast hits you but does no damage.
The ice beast completely misses you.
You hit the ice beast. You squeeze the ice beast. The ice beast hits you.
The ice beast freezes you!
* * * LOW HITPOINT WARNING * * *
Your magical contamination has completely faded away.
You hit the ice beast.
The ice beast hits you but does no damage.
You hit the ice beast. The ice beast hits you.
* * * LOW HITPOINT WARNING * * *
The ice beast freezes you!
* * * LOW HITPOINT WARNING * * *
You hit the ice beast. You squeeze the ice beast. The ice beast hits you.
* * * LOW HITPOINT WARNING * * *
The ice beast freezes you!
You die...

## ###########
###. ..##......#
#9#.####.##.####.#
#@#.#....##.# #.#
#Y#.#....##.####.#
#.#.#.............
#.#.........####.#
#.###..###### #.#
#...h.......# #.#
######.###### ###
#.## #>ยง#


You could see an ice beast (ally target) and a friendly guardian golem
(summoned).

Vanquished Creatures
  A phantom (D:5)
  A human zombie (Ossuary)
  2 hounds (D:5)
  3 iguanas
  3 mummies
  5 adders
  A white imp (D:5)
  An ufetubus (D:5)
  5 adder zombies (Ossuary)
  5 worms
  2 dart slugs (D:4)
  5 orcs
  6 endoplasms
  A giant cockroach (D:2)
  2 goblins
  8 hobgoblins
  5 jackals
  2 quokkas
  5 ball pythons
  5 bats
  2 frilled lizards
  3 goblin zombies
  8 hobgoblin zombies (Ossuary)
  6 kobolds
  3 kobold zombies (Ossuary)
  6 orc zombies
  5 rats
101 creatures vanquished.

Vanquished Creatures (collateral kills)
  A wraith (D:6)
  A black bear (D:4)
  An ogre (D:6)
  A kobold brigand (D:6)
  2 jellies
  3 gnolls (D:4)
  2 adders
  An ufetubus (D:5)
  2 orcs
  2 ball pythons
  3 jackals
  6 kobolds (D:6)
  A frilled lizard (D:3)
  3 hobgoblin zombies (Ossuary)
  5 kobold zombies (Ossuary)
  4 orc zombies (Ossuary)
38 creatures vanquished.

Vanquished Creatures (others)
  Prince Ribbit (D:5)
  An ice beast (D:5)
  An ogre (D:4)
  A jelly (D:4)
4 creatures vanquished.

Grand Total: 143 creatures vanquished

Notes
Turn   | Place    | Note
-------+----------+-------------------------------------------
     0 | D:1      | Sprocket the Octopode Summoner began the quest for the Orb.
     0 | D:1      | Reached XP level 1. HP: 11/11 MP: 3/3
   877 | D:1      | Reached XP level 2. HP: 17/17 MP: 5/5
   880 | D:1      | Learned a level 2 spell: Call Imp
  1744 | D:2      | Reached XP level 3. HP: 19/21 MP: 3/6
  1978 | D:2      | Reached skill level 5 in Summonings
  2812 | D:2      | Found a faded altar of an unknown god.
  3106 | D:3      | Learned a level 3 spell: Call Canine Familiar
  3477 | D:3      | Reached XP level 4. HP: 27/27 MP: 1/7
  3927 | D:3      | Found a glowing golden altar of the Shining One.
  4023 | D:3      | Found a runed translucent gate.
  4023 | D:3      | Identified the +3 whip of Subterfuge {elec, rElec rPois
                  | Int+8 Stlth-}
  4023 | D:3      | Identified the +1 chain mail of Watchfulness {rF+ rCorr
                  | Str+4}
  4024 | D:3      | Found a runed translucent gate.
  4025 | D:3      | Noticed ptdevnull's ghost (weakling DEAM)
  4026 | D:3      | Found a runed translucent gate.
  4085 | D:3      | Found a snail-covered altar of Cheibriados.
  4405 | D:4      | Found a sand-covered staircase.
  4411 | D:4      | Reached XP level 5. HP: 17/31 MP: 7/9
  4508 | Ossuary  | Entered an ossuary
  4566 | Ossuary  | Learned a level 3 spell: Summon Guardian Golem
  4833 | Ossuary  | Reached skill level 1 in Hexes
  4995 | Ossuary  | Reached skill level 6 in Summonings
  5694 | D:4      | Reached XP level 6. HP: 26/36 MP: 10/10
  6307 | D:4      | Noticed a black bear
  6320 | D:4      | Killed a black bear
  7708 | D:4      | Reached XP level 7. HP: 37/41 MP: 11/11
  7728 | D:4      | Reached skill level 7 in Summonings
  8036 | D:5      | Entered Level 5 of the Dungeon
  8364 | D:5      | Found a staircase to the Ecumenical Temple.
  8379 | Temple   | Entered the Ecumenical Temple
  8983 | D:5      | Learned a level 4 spell: Summon Lightning Spire
  9021 | D:5      | Reached skill level 1 in Air Magic
  9034 | D:5      | Noticed Prince Ribbit
  9064 | D:5      | Killed Prince Ribbit
  9065 | D:5      | Reached XP level 8. HP: 23/52 MP: 7/14
  9260 | D:5      | Found a blossoming altar of Fedhas.
  9630 | D:6      | Noticed a wraith
  9683 | D:6      | Killed a wraith
  9684 | D:6      | Reached skill level 5 in Air Magic
  9862 | D:6      | Mangled by an ice beast

Illustrated notes

Levels and vault maps discovered:
D:1:      amcnicky_arrival_feature_with_door, layout_basic
D:2:      layout_loops_corners, hellmonk_ecumenical_altar_inner_sanctum,
          roderic_roman_lattice
D:3:      minmay_chambers_of_threes, layout_basic,
          mainiacjoe_overflow_cross_hatched, mainiacjoe_overflow_catwalk,
          biasface_ghost_orc_armoury
D:4:      layout_loops_cross, nicolae_ossuary_entry_giza
D:5:      layout_rooms, lemuel_round_altar, minmay_temple_entry_junction,
          uniq_prince_ribbit1
D:6:      layout_basic, mainiacjoe_overflow_boulevard,
          chequers_temple_overflow_minitemple, grunt_potential
Temple:   bh_familiar_temple

Skill      XL: |  1  2  3  4  5  6  7  8 |
---------------+-------------------------+-----
Summonings     | 5 6 7 |  7.0
Spellcasting   | 3 4 |  4.0
Hexes          | 1 3 |  3.0
Fighting       | 3 |  3.0
Air Magic      | 3 5 |  5.5
Dodging        | 3 |  3.0
Stealth        | |  2.6

Action                   |  1- 3 |  4- 6 |  7- 9 || total
-------------------------+-------+-------+-------++-------
Melee: Unarmed           |    40 |       |       ||    40
       Constrict         |    28 |    44 |     7 ||    79
       Tentacles         |    22 |    24 |    10 ||    56
       Short sword       |    10 |       |       ||    10
       Hand axe          |    28 |   122 |    33 ||   183
       Punch             |       |     2 |       ||     2
 Cast: Summon Small Mamm |     1 |     1 |       ||     2
       Call Imp          |     6 |     2 |     1 ||     9
       Call Canine Famil |     1 |    14 |    12 ||    27
       Summon Guardian G |       |    11 |     9 ||    20
       Summon Lightning  |       |       |     2 ||     2
  Use: Scroll            |       |     8 |     2 ||    10
       Potion            |       |       |     1 ||     1
 Stab: Sleeping          |    12 |    14 |     1 ||    27
       Distracted        |       |     1 |       ||     1
Armor: Skin              |     5 |     6 |     2 ||    13
Dodge: Dodged            |    43 |    82 |    21 ||   146

Table legend: (Time is in decaauts)
 A = Elapsed time spent in this place.
 B = Non-inter-level travel time spent in this place.
 C = Inter-level travel time spent in this place.
 D = Time resting spent in this place.
 E = Time spent auto-exploring this place.
 F = Levels seen in this place.
 G = Mean time per level.
                   A        B        C        D        E       F      G
               +--------+--------+--------+--------+--------+-----+--------+
         Total |   9924 |   9727 |    197 |   3739 |   4639 |   8 | 1240.5 |
       Dungeon |   8556 |   8374 |    182 |   3012 |   4201 |   6 | 1426.0 |
        Temple |    239 |    224 |     15 |      0 |    222 |   1 |  239.0 |
       Ossuary |   1128 |   1128 |      0 |    727 |    216 |   1 | 1128.0 |
               +--------+--------+--------+--------+--------+-----+--------+

Top non-repeatable levels by time:
     D:3: 2147 daAuts
     D:4: 2083 daAuts
     D:2: 1870 daAuts
     D:5: 1312 daAuts
 Ossuary: 1128 daAuts
     D:1: 960 daAuts
  Temple: 239 daAuts
     D:6: 181 daAuts
